 Dungeon Crawl Stone Soup version 0.19-a0-328-g3707654 (webtiles) character file.

158048 mistymad the Unseen (level 17, -7/135 HPs)
             Began as a Vampire Enchanter on May 28, 2016.
             Was the Champion of Dithmenos.
             Killed from afar by a greater naga (30 damage)
             ... with an orb of energy
             ... on level 4 of the Snake Pit.
             The game lasted 03:09:15 (30467 turns).

mistymad the Unseen (Vampire Enchanter)            Turns: 30467, Time: 03:09:16

Health: -7/135     AC: 19    Str:  7    XL:     17   Next: 13%
Magic:  10/31      EV: 18    Int: 24    God:    Dithmenos [******]
Gold:   2949       SH:  6    Dex: 23    Spells: 7 memorised, 21 levels left

rFire  + + .     SeeInvis +     I - +2 dagger (speed)
rCold  + . .     Gourm    .     W - +2 ring mail of Omission {rElec rF+ rN+ Dex+3}
rNeg   + + +     Faith    .     M - +0 buckler
rPois  +         Spirit   .     J - -2 hat of the Alchemist {rElec rPois rF+ rC+ rN+ MR+ rMut rCorr}
rElec  +         Dismiss  .     u - +2 cloak {MR+}
rCorr  +         Reflect  .     P - +0 pair of gloves
rMut   +         Harm     .     V - +2 pair of boots of the Assassin {DetectMon Stab+ Stlth++}
SustAt .                        H - amulet of magic regeneration
MR     +++..                    Z - +5 ring of intelligence
Stlth  ++++++++++               b - +5 ring of protection

@: lethally poisoned (-7 -> -8), very slightly contaminated, wreathed by umbra,
extremely resistant to hostile enchantments, uncannily stealthy
A: fangs 3, see invisible, unbreathing
a: Bat Form, Shadow Step, Shadow Form, Renounce Religion


You were on level 4 of the Snake Pit.
You worshipped Dithmenos.
Dithmenos was exalted by your worship.
You were not thirsty.

You visited 5 branches of the dungeon, and saw 28 of its levels.
You also visited: Volcano.

You collected 3288 gold pieces.
You spent 339 gold pieces at shops.

Inventory:

Hand Weapons
 I - a +2 dagger of speed (weapon)
 Y - a +3 dagger of freezing
Armour
 c - a +2 cloak of fire resistance
 u - a +2 cloak of magic resistance (worn)
 J - the -2 hat of the Alchemist (worn) {rElec rPois rF+ rC+ rN+ MR+ rMut rCorr}
   (You found it on level 4 of the Lair of Beasts)

   It protects you from fire.
   It protects you from cold.
   It insulates you from electricity.
   It protects you from poison.
   It protects you from negative energy.
   It affects your resistance to hostile enchantments.
   It protects you from acid and corrosion.
   It protects you from mutation.
 M - a +0 buckler (worn)
 O - a +0 shield of positive energy
 P - a +0 pair of gloves (worn)
 V - the +2 pair of boots of the Assassin (worn) {DetectMon Stab+ Stlth++}
   (You found it on level 3 of the Lair of Beasts)

   It makes you much more stealthy.
 W - the +2 ring mail of Omission (worn) {rElec rF+ rN+ Dex+3}
   (You found it on level 3 of the Lair of Beasts)

   It affects your dexterity (+3).
   It protects you from fire.
   It insulates you from electricity.
   It protects you from negative energy.
Jewellery
 b - a +5 ring of protection (left hand)
 x - a cursed -3 ring of strength {unknown}
 H - an amulet of magic regeneration (around neck)
 K - an uncursed ring of fire {unknown}
 X - an uncursed ring of protection from magic
 Z - a +5 ring of intelligence (right hand)
Wands
 A - a wand of iceblast (5/15)
 B - a wand of digging (16/24)
 Q - a wand of teleportation (3/9)
Scrolls
 e - 5 scrolls of amnesia
 g - 4 scrolls of fog
 i - 4 scrolls of recharging
 j - 6 scrolls of magic mapping
 k - a scroll of random uselessness {unknown}
 l - a scroll of summoning
 m - 11 scrolls of blinking
 n - 11 scrolls of remove curse
 o - 7 scrolls of teleportation
 q - 3 scrolls of enchant weapon
 t - a scroll of fear {unknown}
 v - 7 scrolls of enchant armour
 L - 4 scrolls of identify
 N - 2 scrolls of silence {unknown}
Potions
 a - 3 potions of might
 d - 24 potions of blood
 f - 5 potions of heal wounds
 h - 7 potions of agility
 p - a potion of magic {unknown}
 r - 7 potions of curing
 s - 6 potions of degeneration {unknown}
 w - 7 potions of brilliance {unknown}
 z - 5 potions of flight {unknown}
 C - 7 potions of lignification {unknown}
 D - a potion of invisibility {unknown}
 E - 3 potions of berserk rage {unknown}
 F - 5 potions of haste
 G - 2 potions of beneficial mutation {unknown}
 S - 2 potions of resistance
 T - a potion of cure mutation {unknown}
Books
 y - a book of Alchemy

   Spells                             Type                      Level
   a - Sublimation of Blood           Necromancy                   2
   b - Ignite Poison                  Fire/Transmutation/Poison    3
   c - Petrify                        Transmutation/Earth          4
   d - Alistair's Intoxication        Transmutation/Poison         5
   e - Irradiate                      Conjuration/Transmutation    5
Miscellaneous
 R - a phial of floods


   Skills:
 * Level 12.9 Fighting
 + Level 12.2 Short Blades
 + Level 7.0 Armour
 + Level 12.5 Dodging
 + Level 16.8 Stealth
 + Level 5.5 Shields
 + Level 10.9 Spellcasting
 + Level 15.7 Hexes
 + Level 9.5 Charms


You had 21 spell levels left.
You knew the following spells:

 Your Spells              Type           Power        Failure   Level  Hunger
a - Corona                Hex            ######.      1%          1    None
b - Ensorcelled Hibernat  Hex/Ice        ######       1%          2    None
c - Confuse               Hex            ######..     1%          3    None
d - Tukima's Dance        Hex            ######..     1%          3    None
e - Dazzling Spray        Conj/Hex       ######       1%          3    None
f - Repel Missiles        Chrm/Air       #####.       3%          2    None
g - Swiftness             Chrm/Air       #####...     3%          2    None


Dungeon Overview and Level Annotations

Branches:
Dungeon (13/15)            Temple (1/1) D:6            Lair (8/8) D:8
 Shoals (0/4) Lair:3        Snake (4/4) Lair:3        Slime (0/6) Lair:8
    Orc (2/2) D:12            Elf (0/3) Orc:2        Vaults (0/5) D:13

Altars:
Ashenzari
Cheibriados
Dithmenos
Elyvilon
Fedhas
Gozag
Hepliaklqana
Kikubaaqudgha
Makhleb
Nemelex Xobeh
Okawaru
Pakellas
Qazlal
Ru
Sif Muna
Trog
Ukayaw
Vehumet
Xom
Yredelemnul
Zin
The Shining One
Beogh
Jiyva

Shops:
D:12 *   D:13 *   Orc:1 [   Orc:2 !(!}

Annotations:
Lair:4 exclusion: obsidian statue
Lair:6 exclusion: oklob plant
Snake:4 Saint Roka


Innate Abilities, Weirdness & Mutations

You have razor-sharp teeth.
You have supernaturally acute eyesight. (SInv)
You can survive without breathing.


Message History

* * * LOW HITPOINT WARNING * * *
You take 5 damage, and have 25/135 hp.
The greater naga spits poison at you. The splash of poison hits you!
You are poisoned.
You resist.
You feel sick.
You take 1 damage, and have 25/135 hp.
You feel sick.
You take 1 damage, and have 24/135 hp.
You feel sick.
The greater naga mumbles some strange words.
The greater naga seems to speed up.
You see here a whip.
You feel sick.
You take 1 damage, and have 23/135 hp.
You feel sick.
The greater naga gestures at you while chanting.
The orb of energy hits you!
You die...

**********
########
##......##
##........##
#..........##
#........<..#
#........).)#
#.......[)..#
##........@.#
##.........###
##........))..#
#...........#.###
############....#
#..).# ##.N..##
#....)ยง#
#S.))[.#


You could see a greater naga.

Vanquished Creatures
  Vashnia (Snake:3)
  Rupert (Snake:1)
  Kirke (Lair:8)
  8 greater nagas
  Wiglaf (Snake:2)
  An orc warlord (Orc:1)
  Nessos (Volcano)
  Snorg (D:13)
  Fannar (Lair:3)
  17 naga warriors
  2 hydras
  8 anacondas
  4 catoblepae
  2 centaur warriors
  An orc high priest (Orc:1)
  14 death yaks (Lair:8)
  6 naga sharpshooters
  8 shock serpents
  A deep elf knight (Orc:1)
  Nergalle (Lair:3)
  2 sea snakes (Snake:1)
  A fire crab (Lair:7)
  2 salamander mystics
  4 hill giants
  A deep elf archer (D:13)
  5 naga ritualists
  2 orc knights (Orc:2)
  A griffon (Lair:8)
  4 orc sorcerers
  2 cyclopes
  An ugly thing (D:11)
  3 oklob plants
  8 deep elf magi
  10 mana vipers
  11 salamanders
  40 black mambas
  13 elephants
  12 naga magi
  2 guardian serpents (Snake:3)
  A gargoyle (D:13)
  Psyche (D:9)
  7 spiny frogs
  5 yaktaurs
  A kobold demonologist (D:13)
  9 komodo dragons
  3 trolls
  Grinder (D:4)
  4 merfolk (Lair:3)
  2 two-headed ogres
  29 blink frogs
  A spriggan (Lair:5)
  2 wyverns
  A hog (Lair:8)
  3 basilisks
  A fire elemental (Lair:7)
  55 yaks
  2 hungry ghosts
  A steam dragon (shapeshifter) (D:11)
  2 wargs (Orc:1)
  2 soldier ants (D:13)
  8 hippogriffs
  18 water moccasins
  63 nagas
  14 porcupines
  Duvessa (D:4)
  35 orc warriors
  3 sky beasts
  2 necrophages
  3 black bears
  3 ice beasts
  4 phantoms
  2 wasps (D:8)
  8 wolves
  A boggart (D:13)
  9 ogres
  20 centaurs
  3 big kobolds
  16 crocodiles
  12 giant frogs
  Dowan (D:4)
  17 killer bees
  2 water moccasin skeletons (D:8)
  19 wights
  4 howler monkeys
  12 electric eels
  3 centaur zombies
  4 lava snakes
  2 crimson imps
  3 giant frog zombies
  5 giant frog skeletons
  16 orc priests
  7 hounds
  8 jellies
  13 orc wizards
  Natasha (twice) (D:4)
  9 iguanas
  2 hell rats (Lair:7)
  7 worker ants
  A killer bee zombie (D:7)
  12 sheep
  4 hound skeletons
  A howler monkey zombie (D:6)
  15 gnolls
  21 adders
  31 river rats (Lair:7)
  2 shadow imps
  13 oozes
  2 adder skeletons
  A worm (D:2)
  3 dart slugs
  7 giant geckos
  99 orcs
  3 ball pythons
  8 giant cockroaches
  9 goblins
  6 hobgoblins
  8 jackals
  15 kobolds
  7 quokkas
  9 bats
  3 giant newts
  A jackal skeleton (D:7)
  A quokka skeleton (D:6)
  12 rats
  3 fungi (Lair:8)
  4 plants
999 creatures vanquished.

Vanquished Creatures (collateral kills)
  A shock serpent (Snake:4)
  2 orc warriors (Orc:2)
  An ogre (D:6)
  A giant frog (D:7)
  A gnoll (D:8)
  An orc (D:8)
7 creatures vanquished.

Vanquished Creatures (others)
  4 humans (Lair:8)
  3 dancing weapons
  A naga (Snake:3)
  2 crocodiles (Lair:8)
  An orc (Orc:2)
  18 fungi
  23 plants
  8 toadstools (Lair:6)
60 creatures vanquished.

Grand Total: 1066 creatures vanquished

Notes
Turn   | Place    | Note
--------------------------------------------------------------
     0 | D:1      | mistymad the Vampire Enchanter began the quest for the Orb.
     0 | D:1      | Reached XP level 1. HP: 13/13 MP: 3/3
   451 | D:1      | Reached XP level 2. HP: 19/19 MP: 5/5
   482 | D:1      | Learned a level 2 spell: Ensorcelled Hibernation
   962 | D:2      | Reached XP level 3. HP: 25/25 MP: 3/6
  1036 | D:2      | Found a stormy altar of Qazlal.
  1149 | D:2      | Reached skill level 5 in Stealth
  1279 | D:2      | Found a faded altar to an unknown god.
  1283 | D:2      | Reached skill level 1 in Fighting
  1344 | D:2      | Reached XP level 4. HP: 30/32 MP: 4/7
  1398 | D:2      | Found a snail-covered altar of Cheibriados.
  1611 | D:3      | Reached skill level 5 in Hexes
  1776 | D:3      | Found a bloodstained altar of Trog.
  1778 | D:3      | Found a white marble altar of Elyvilon.
  1819 | D:3      | Learned a level 3 spell: Confuse
  2232 | D:3      | Reached XP level 5. HP: 38/38 MP: 5/8
  2398 | D:2      | Learned a level 3 spell: Tukima's Dance
  3343 | D:4      | Reached skill level 6 in Stealth
  3384 | D:4      | Noticed Grinder
  3406 | D:4      | Killed Grinder
  3406 | D:4      | Reached XP level 6. HP: 37/46 MP: 4/10
  3522 | D:4      | Reached XP level 7. HP: 49/51 MP: 8/12
  3747 | D:4      | Noticed Natasha
  3760 | D:4      | Killed Natasha
  3797 | D:4      | Noticed Natasha
  3806 | D:4      | Killed Natasha
  3862 | D:4      | Reached skill level 7 in Stealth
  3954 | D:4      | Noticed Duvessa
  3956 | D:4      | Noticed Dowan
  3981 | D:4      | Killed Duvessa
  4061 | D:4      | Found a sparkling altar of Nemelex Xobeh.
  4096 | D:4      | Killed Dowan
  4484 | D:5      | Entered Level 5 of the Dungeon
  4573 | D:5      | Learned a level 3 spell: Dazzling Spray
  4593 | D:5      | Reached XP level 8. HP: 41/58 MP: 6/13
  5155 | D:6      | Reached skill level 8 in Stealth
  5195 | D:6      | Found a staircase to the Ecumenical Temple.
  5200 | Temple   | Entered the Ecumenical Temple
  5222 | Temple   | Became a worshipper of Dithmenos the Shadowed
  5367 | D:6      | Reached skill level 5 in Dodging
  5735 | D:6      | Reached skill level 5 in Short Blades
  6079 | D:7      | Reached XP level 9. HP: 62/65 MP: 7/16
  6096 | D:7      | Reached * piety under Dithmenos
  6162 | D:7      | Learned a level 2 spell: Repel Missiles
  6179 | D:7      | Reached skill level 9 in Stealth
  6183 | D:7      | Found a shattered altar of Ashenzari.
  6338 | D:7      | Reached skill level 5 in Spellcasting
  6756 | D:7      | Reached ** piety under Dithmenos
  7353 | D:8      | Reached skill level 5 in Fighting
  7480 | D:8      | Reached skill level 10 in Stealth
  7814 | D:9      | Found an iron altar of Okawaru.
  7820 | D:9      | Reached XP level 10. HP: 74/74 MP: 18/18
  7935 | D:9      | Found an opulent altar of Gozag.
  8062 | D:9      | Reached *** piety under Dithmenos
  8162 | D:9      | Noticed Psyche
  8175 | D:9      | Killed Psyche
  8175 | D:9      | Reached skill level 10 in Hexes
  8754 | D:8      | Found a staircase to the Lair.
  8851 | D:10     | Entered Level 10 of the Dungeon
  8860 | D:10     | Reached skill level 11 in Stealth
  8904 | D:10     | Noticed a centaur warrior
  9102 | D:10     | Noticed a hill giant
  9125 | D:10     | Killed a hill giant
  9156 | D:10     | Killed a centaur warrior
  9224 | D:10     | Reached XP level 11. HP: 83/83 MP: 16/21
 10046 | Lair:1   | Entered Level 1 of the Lair of Beasts
 10124 | Lair:1   | Found a dark tunnel.
 10130 | Volcano  | Entered a volcano
 10234 | Volcano  | Found a radiant altar of Vehumet.
 10234 | Volcano  | Noticed Nessos
 10252 | Volcano  | Killed Nessos
 10505 | Lair:1   | Reached skill level 12 in Stealth
 10740 | Lair:1   | Noticed an oklob plant
 11341 | Lair:2   | Found a bloodstained altar of Trog.
 11581 | Lair:2   | Reached **** piety under Dithmenos
 12096 | Lair:3   | Noticed Fannar
 12155 | Lair:3   | Killed Fannar
 12171 | Lair:3   | Got a translucent ring mail
 12183 | Lair:3   | Identified the +2 ring mail of Omission {rElec rF+ rN+ Dex+3} (You found it on level 3 of the Lair of Beasts)
 12339 | Lair:3   | Found a staircase to the Snake Pit.
 12421 | Lair:3   | Reached XP level 12. HP: 91/91 MP: 11/23
 12518 | Lair:3   | Reached skill level 13 in Stealth
 12690 | Lair:3   | Found a staircase to the Shoals.
 12885 | Lair:3   | Reached skill level 1 in Charms
 12925 | Lair:3   | Noticed Nergalle
 12937 | Lair:3   | Killed Nergalle
 12937 | Lair:3   | Reached skill level 1 in Armour
 14492 | Lair:5   | Got an ancient tin amulet
 15066 | Lair:6   | Found a blossoming altar of Fedhas.
 15202 | Lair:6   | Identified the amulet "Nyshuom" {*Corrode +Rage MP+9 Dex+3} (You found it on level 5 of the Lair of Beasts)
 15239 | Lair:6   | Reached ***** piety under Dithmenos
 15250 | Lair:6   | Reached XP level 13. HP: 100/100 MP: 5/25
 15328 | Lair:6   | Got a translucent chain mail
 15339 | Lair:6   | Identified the +1 chain mail of the Leaf {rF+} (You found it on level 6 of the Lair of Beasts)
 16253 | Lair:6   | Reached skill level 14 in Stealth
 16471 | Lair:7   | Reached skill level 10 in Short Blades
 16471 | Lair:7   | Reached skill level 10 in Dodging
 16617 | Lair:7   | Reached skill level 5 in Charms
 17076 | Lair:8   | Entered Level 8 of the Lair of Beasts
 17076 | Lair:8   | Noticed Kirke
 17085 | Lair:8   | Killed Kirke
 17335 | Lair:8   | Got a blackened falchion
 17348 | Lair:8   | Identified the +6 falchion of Noon {slice, Dex+5} (You found it on level 8 of the Lair of Beasts)
 17525 | Lair:8   | Found a viscous altar of Jiyva.
 17526 | Lair:8   | Found a staircase to the Slime Pits.
 18076 | Lair:8   | Reached skill level 10 in Fighting
 18236 | Lair:8   | Reached XP level 14. HP: 110/110 MP: 9/27
 18575 | Lair:8   | Reached ****** piety under Dithmenos
 19339 | Lair:1   | Learned a level 2 spell: Swiftness
 19345 | Lair:1   | Upgraded the game from 0.19-a0-291-ga637243 to 0.19-a0-328-g3707654
 20483 | D:12     | Reached skill level 5 in Armour
 20488 | D:12     | Reached skill level 1 in Shields
 20550 | D:12     | Found a staircase to the Orcish Mines.
 20572 | D:12     | Found a roughly hewn altar of Beogh.
 21050 | D:12     | Found Gaecsyta's General Store.
 21213 | D:13     | Reached skill level 15 in Stealth
 21339 | D:13     | Found a gate to the Vaults.
 21535 | D:13     | Noticed Snorg
 21542 | D:13     | Killed Snorg
 21671 | D:13     | Found Jifax's Assorted Antiques.
 21687 | D:13     | Bought a scroll labeled ILU XIAS CIFUTT for 30 gold pieces
 22163 | Orc:1    | Entered Level 1 of the Orcish Mines
 22418 | Orc:2    | Entered Level 2 of the Orcish Mines
 22639 | Orc:2    | Reached XP level 15. HP: 118/118 MP: 9/28
 22724 | Orc:2    | Found a staircase to the Elven Halls.
 23393 | Orc:2    | Found Zenod's Weapon Shop.
 23393 | Orc:2    | Found Voiz's Distillery.
 23395 | Orc:2    | Found Omnociek's Gadget Emporium.
 23397 | Orc:2    | Found Qiegack's Distillery.
 23412 | Orc:2    | Bought a potion of heal wounds for 85 gold pieces
 23412 | Orc:2    | Bought a potion of mutation for 42 gold pieces
 23419 | Orc:2    | Bought a potion of agility for 52 gold pieces
 23419 | Orc:2    | Bought a potion of haste for 130 gold pieces
 23582 | Orc:1    | Found Kusm's Antique Armour Emporium.
 23789 | Orc:1    | Noticed an orc warlord
 24176 | Orc:1    | Killed an orc warlord
 24624 | Snake:1  | Entered Level 1 of the Snake Pit
 24642 | Snake:1  | Noticed Rupert
 24646 | Snake:1  | Killed Rupert
 24764 | Snake:1  | Reached skill level 10 in Spellcasting
 25940 | Snake:2  | Noticed a greater naga
 25942 | Snake:2  | Killed a greater naga
 25942 | Snake:2  | Reached skill level 16 in Stealth
 25995 | Snake:2  | Noticed Wiglaf
 26480 | Snake:2  | Reached skill level 15 in Hexes
 26557 | Snake:2  | Noticed a greater naga
 26764 | Snake:2  | Reached XP level 16. HP: 127/127 MP: 25/30
 27037 | Snake:2  | Killed Wiglaf
 27383 | Snake:3  | Found a shadowy altar of Dithmenos.
 27689 | Snake:3  | Noticed Vashnia
 28294 | Snake:3  | Killed Vashnia
 29355 | Snake:3  | Reached skill level 5 in Shields
 29650 | Snake:4  | Entered Level 4 of the Snake Pit
 29822 | Snake:4  | Noticed Saint Roka
 29966 | Snake:4  | Reached XP level 17. HP: 127/135 MP: 17/31
 30467 | Snake:4  | Killed from afar by a greater naga

Vault maps used:
D:1:      dpeg_arrival_orchard
D:2:      lemuel_coloured_pillars_altar, grunt_qazlal_clouds,
          ecumenical_altar_1, first_bread
D:3:      nicolae_overflow_hidden_temple
D:4:      minivault_25, nemelex_dance_club_becter, uniq_natasha, uniq_duvessa,
          uniq_grinder
D:6:      temple_statues
D:7:      evilmike_ruin_ashenzari
D:8:      kennysheep_spiral_hall, lair_0_dummy
D:9:      kennysheep_mini, okawaru_ov_weapons_minmay, uniq_psyche
D:12:     lemuel_slime, minmay_orc_entry_temple_small, serial_shops, shop_statue
D:13:     hangedman_vaults_entry_quadrant_bands, serial_shops,
          nicolae_shop_overgrown_old_shop, uniq_snorg
Temple:   lightli_temple_of_artemis
Lair:1:   nicolae_volcano_entry_s_turn, grunt_megastairs_5
Lair:2:   gammafunk_lair_bear_cave, basic_altar, serial_bayou_shore_a,
          serial_bayou_shore_b
Lair:3:   elwin_shoals_entry_stream, minmay_snake_entry_guardpost_large,
          grunt_megastairs_4, serial_bayou_shore_b, uniq_fannar, uniq_nergalle
Lair:4:   statuecave_lemuel, lemuel_fruit_tree
Lair:5:   grunt_forest_large_clearing_hut
Lair:6:   tgw_fedhas
Lair:7:   kennysheep_rathole, serial_bayou_lake_a, infiniplex_staircase_pool,
          grunt_megastairs_3
Lair:8:   evilmike_catoblepas_cave, slime_altar_1, hibernation_bobbens,
          uniq_kirke
Snake:1:  serial_bayou_lagoon_b, uniq_rupert
Snake:2:  grunt_megastairs_2, serial_bayou_shore_b, serial_bayou_shore_b,
          uniq_wiglaf
Snake:3:  lemuel_oklob_altar, uniq_vashnia
Snake:4:  minmay_snake_end_coiled, basic_altar, serial_shops,
          nicolae_shop_crystal, serial_bayou_shore_b, uniq_saint_roka
Orc:1:    serial_shops, shop, elf_legates
Orc:2:    st_orc_rangers, uniq_nessos
Volcano:  volcano_grotto

Skill      XL: |  1  2  3  4  5  6  7  8  9 10 11 12 13 14 15 16 17 |
---------------+----------------------------------------------------+-----
Stealth        | 5 6 7 8 10 11 12 13 14 15 16 | 16.8
Fighting       | 1 2 3 4 5 6 7 8 10 11 12 | 12.9
Hexes          | 5 6 7 8 9 10 11 12 13 14 15 | 15.7
Short Blades   | 2 3 4 5 6 7 8 9 10 11 12 | 12.2
Dodging        | 3 4 5 6 7 9 10 11 12 | 12.5
Spellcasting   | 3 4 5 6 7 8 9 10 | 10.9
Charms         | 3 5 7 8 9 |  9.5
Armour         | 3 4 5 6 7 |  7.0
Shields        | 2 3 5 |  5.5

Action                   |  1- 3 |  4- 6 |  7- 9 | 10-12 | 13-15 | 16-18 || total
-------------------------+-------+-------+-------+-------+-------+-------++-------
Melee: Dagger            |    71 |   182 |   534 |   461 |  1450 |   348 ||  3046
       Bite              |     4 |    21 |    83 |    50 |   214 |    47 ||   419
       Short sword       |       |       |    94 |    13 |       |       ||   107
 Cast: Corona            |     8 |     1 |       |       |       |       ||     9
       Ensorcelled Hiber |    13 |    21 |    23 |    89 |   127 |    10 ||   283
       Confuse           |       |     4 |    50 |    62 |   212 |    92 ||   420
       Tukima's Dance    |       |     1 |     4 |     2 |    16 |     1 ||    24
       Repel Missiles    |       |       |     1 |     2 |     6 |     1 ||    10
       Dazzling Spray    |       |       |       |    31 |   123 |   136 ||   290
 Abil: End Transformatio |       |       |       |     1 |       |       ||     1
       Bat Form          |       |       |       |     1 |       |       ||     1
Evoke: Wand              |       |       |       |     1 |     2 |       ||     3
  Use: Potion            |       |     2 |     5 |       |     2 |     9 ||    18
       Scroll            |       |       |       |    17 |     6 |     1 ||    24
 Stab: Sleeping          |    19 |    19 |    41 |   114 |   201 |    20 ||   414
       Confused          |       |     4 |    22 |    46 |   154 |    56 ||   282
       Distracted        |       |     1 |     1 |       |     5 |       ||     7
       Invisible         |       |       |       |    12 |    45 |    41 ||    98
Armor: Robe              |     8 |    34 |   106 |    47 |       |       ||   195
       Ring mail         |       |       |       |    39 |   129 |    48 ||   216
Dodge: Dodged            |    40 |    95 |   328 |   299 |   405 |   181 ||  1348
       Deflected         |       |       |     3 |     6 |    14 |    20 ||    43
Block: Buckler           |       |       |       |       |    82 |    71 ||   153
